 Dungeon Crawl Stone Soup version 0.25-a0-316-gd28d56f9c5 (webtiles) character file.

Game seed: 12906845606831741901, levelgen mode: classic

13788 Borgoz the Carver (level 12, -2/76 HPs)
             Began as a Gargoyle Gladiator on Dec 25, 2019.
             Was a High Priest of Okawaru.
             Slain by Rupert
             ... wielding a +1 great mace of draining
              (20 damage)
             ... on level 12 of the Dungeon.
             The game lasted 00:29:35 (13737 turns).

Borgoz the Carver (Gargoyle Gladiator)             Turns: 13737, Time: 00:29:35

Health: -2/76      AC: 29    Str: 16    XL:     12   Next: 9%
Magic:  0/14       EV: 16    Int:  8    God:    Okawaru [*****.]
Gold:   587        SH:  0    Dex: 19    Spells: 8/11 levels left

rFire    + . .     SeeInvis .   a - +0 long sword
rCold    . . .     Gourm    .   (no shield)
rNeg     + . .     Faith    .   G - +10 scale mail of the Volcano {rElec MR+ Str-4 Dex+4}
rPois    ∞         Spirit   +   m - +1 hat {MR+}
rElec    +         Reflect  .   C - +0 cloak
rCorr    .         Harm     .   (no gloves)
MR       ++...                  (no boots)
Stlth    ..........             B - amulet of guardian spirit
HPRegen  0.22/turn              h - ring of protection from fire
MPRegen  0.14/turn              (no ring)

@: no status effects
A: negative energy resistance 1, electricity resistance, unbreathing,
petrification resistance, rot immunity, AC +8
a: Heroism, Finesse, Renounce Religion


You were on level 12 of the Dungeon.
You worshipped Okawaru.
Okawaru was extremely pleased with you.
You were hungry.

You visited 2 branches of the dungeon, and saw 13 of its levels.
You also visited: Sewer.

You collected 848 gold pieces.
You spent 261 gold pieces at shops.

Inventory:

Hand Weapons
 a - a +0 long sword (weapon)
Armour
 m - a +1 hat of magic resistance (worn)
 q - a +1 chain mail of cold resistance
 x - +0 acid dragon scales
 A - +0 steam dragon scales
 C - a +0 cloak (worn)
 D - the +11 scale mail of Solidie {+Blink +Fly rPois Str-5}
   (You bought it in a shop on level 10 of the Dungeon)

   It affects your strength (-5).
   It protects you from poison.
   It lets you fly.
   It lets you blink.
 F - the +5 shield of Gira {-Tele Int+3 Dex+3}
   (Okawaru gifted it to you on level 11 of the Dungeon)

   It affects your intelligence (+3).
   It affects your dexterity (+3).
   It prevents most forms of teleportation.
 G - the +10 scale mail of the Volcano (worn) {rElec MR+ Str-4 Dex+4}
   (You found it on level 12 of the Dungeon)

   It affects your strength (-4).
   It affects your dexterity (+4).
   It insulates you from electricity.
   It affects your resistance to hostile enchantments.
Jewellery
 d - an uncursed ring of flight
 h - a ring of protection from fire (left hand)
 B - an amulet of guardian spirit (around neck)
Wands
 n - a wand of flame (35)
 r - a wand of polymorph (14)
 s - a wand of disintegration (10)
 y - a wand of paralysis (18)
Scrolls
 b - 8 scrolls of remove curse
 e - 2 scrolls of fear
 g - 4 scrolls of enchant armour {unknown}
 i - 2 scrolls of fog
 j - 7 scrolls of teleportation
 k - 4 scrolls of amnesia {unknown}
 l - 2 scrolls of enchant weapon
 p - 5 scrolls of magic mapping
 t - a scroll of brand weapon
 v - a scroll of holy word
 w - 3 scrolls of blinking
Potions
 c - a potion of heal wounds
 o - 5 potions of resistance
 u - a potion of cancellation
Comestibles
 f - 14 rations


   Skills:
 + Level 9.0 Fighting
 + Level 10.4 Long Blades
 - Level 1.7 Throwing
 + Level 8.6 Armour
 + Level 9.5 Dodging
 + Level 2.8 Invocations


You had 8 spell levels left.
You knew the following spells:

 Your Spells              Type           Power        Failure   Level  Hunger
a - Confuse               Hex            #.......     98%         3    ####...

Your spell library contained the following spells:

 Spells                   Type           Power        Failure   Level  Hunger
 Corona                   Hex            #......      78%         1    ##.....
 Ensorcelled Hibernation  Hex/Ice        #.....       89%         2    ###....
 Dazzling Flash           Conj/Hex       #.....       98%         3    ####...
 Tukima's Dance           Hex            #.......     98%         3    ####...


Dungeon Overview and Level Annotations

Branches:
Dungeon (12/15)            Temple (1/1) D:6            Lair (0/6) D:10
    Orc (0/2) D:12          Sewer (visited)

Altars:
Ashenzari
Cheibriados
Dithmenos
Elyvilon
Fedhas
Gozag
Hepliaklqana
Kikubaaqudgha
Nemelex Xobeh
Okawaru
Qazlal
Sif Muna
Trog
Uskayaw
Vehumet
Wu Jian
Xom
Yredelemnul
Zin
The Shining One

Shops:
D:4 (   D:7 (   D:10 [

Annotations:
D:12 Rupert


Innate Abilities, Weirdness & Mutations

You are resistant to torment.
Your stone body is resilient. (AC +8)
You are immune to poison.
You resist negative energy. (rN+)
You are resistant to electric shocks. (rElec)
You can survive without breathing.
You are immune to petrification.
You are immune to rotting.


Message History

Rupert is moderately wounded.
Rupert hits you but does no damage.
You slash Rupert!
Rupert is moderately wounded.
Rupert hits you with a +1 great mace of draining!
You closely miss Rupert.
Rupert is moderately wounded.
Rupert completely misses you.
You hit Rupert but do no damage.
Rupert is moderately wounded.
Rupert hits you with a +1 great mace of draining!
* * * LOW HITPOINT WARNING * * *
You slash Rupert!
Rupert is heavily wounded.
Rupert barely misses you.
You hit Rupert but do no damage.
Rupert is heavily wounded.
Rupert completely misses you.
Rupert hits you with a +1 great mace of draining!!
You die...

#.......# #.......#
#####.### ###..###
######+## #......#
#.......# #......#
#.......#####......+
#.......#...'......#
#.....@@'.###......#
#.......### #^.....#
#.......# ##+#####
#...>...# #.......#
###+#####


You could see Rupert (berserk).

Vanquished Creatures
  Gastronok (D:8)
  A hydra (D:11)
  A two-headed ogre (D:9)
  A centaur warrior (D:8)
  Pikel (D:7)
  An ugly thing (D:12)
  A cyclops (D:8)
  A manticore (D:12)
  Joseph (D:7)
  2 trolls
  Sigmund (D:3)
  6 humans (D:8)
  A wyvern (D:8)
  2 hungry ghosts
  A steam dragon (D:8)
  Menkaure (D:5)
  An acid dragon (D:10)
  3 porcupines (D:10)
  A water moccasin (D:12)
  2 ice beasts
  5 sky beasts
  3 black bears
  A necrophage (D:10)
  A phantom (D:8)
  7 ogres
  4 slaves (D:7)
  2 orc warriors
  2 centaurs
  4 crocodiles
  4 big kobolds
  10 bullfrogs
  A gnoll sergeant (D:8)
  3 scorpions
  5 killer bees (D:11)
  4 wights
  2 electric eels (D:9)
  A bullfrog zombie (D:8)
  5 crimson imps
  8 hounds
  A quasit (D:10)
  A jelly (D:5)
  4 orc priests
  7 bullfrog skeletons
  9 orc wizards
  Terence (D:3)
  Ijyb (D:4)
  9 worker ants
  A hound zombie (D:7)
  A hound skeleton (D:5)
  A worker ant zombie (D:5)
  A howler monkey skeleton (D:5)
  Robin (D:3)
  11 gnolls
  19 adders
  A shadow imp (D:6)
  14 oozes
  An adder skeleton (D:7)
  5 adder zombies
  3 worms
  2 dart slugs
  12 leopard geckos
  45 orcs
  15 giant cockroaches
  13 goblins
  3 hobgoblins
  7 jackals
  17 kobolds
  5 quokkas
  16 ball pythons
  A ball python zombie (D:3)
  4 bats
  11 frilled lizards
  A quokka zombie (D:8)
  9 rats
  A fungus (D:10)
356 creatures vanquished.

Vanquished Creatures (others)
  27 fungi (D:10)
  5 plants
32 creatures vanquished.

Grand Total: 388 creatures vanquished

Notes
Turn   | Place    | Note
-------+----------+-------------------------------------------
     0 | D:1      | Borgoz the Gargoyle Gladiator began the quest for the Orb.
     0 | D:1      | Reached XP level 1. HP: 12/12 MP: 1/1
   271 | D:1      | Reached XP level 2. HP: 15/17 MP: 2/2
   672 | D:1      | Reached skill level 3 in Long Blades
   944 | D:2      | Reached XP level 3. HP: 22/22 MP: 3/3
  1079 | D:2      | Reached skill level 1 in Armour
  1790 | D:3      | Found a shadowy altar of Dithmenos.
  1837 | D:3      | Noticed Robin
  1906 | D:3      | Reached XP level 4. HP: 10/27 MP: 4/4
  1924 | D:3      | Killed Robin
  2295 | D:3      | Found a shimmering altar of Xom.
  2295 | D:3      | Found an opulent altar of Gozag.
  2315 | D:3      | Reached XP level 5. HP: 32/32 MP: 5/5
  2420 | D:3      | Noticed Terence
  2441 | D:3      | Killed Terence
  2577 | D:3      | Noticed Sigmund
  2578 | D:3      | Found a shadowy altar of Dithmenos.
  2604 | D:3      | Killed Sigmund
  2604 | D:3      | Reached skill level 4 in Long Blades
  2604 | D:3      | Reached XP level 6. HP: 11/37 MP: 6/6
  2847 | D:3      | Found a sparkling altar of Nemelex Xobeh.
  2847 | D:3      | Found an ornate altar of the Wu Jian Council.
  3138 | D:4      | Noticed Ijyb
  3167 | D:4      | Killed Ijyb
  3385 | D:4      | Reached XP level 7. HP: 20/42 MP: 7/7
  3775 | D:4      | Found Wiowkafu's Antique Weapon Emporium.
  3916 | D:5      | Entered Level 5 of the Dungeon
  3976 | D:5      | Reached skill level 5 in Long Blades
  4309 | D:5      | Reached XP level 8. HP: 46/48 MP: 8/8
  4565 | D:5      | Found a hide-covered altar of Uskayaw.
  4660 | D:5      | Reached skill level 5 in Dodging
  5077 | D:6      | Noticed Menkaure
  5091 | D:5      | Killed Menkaure
  5091 | D:5      | Reached skill level 6 in Long Blades
  5342 | D:6      | Found a glowing drain.
  5385 | Sewer    | Entered a sewer
  5522 | Sewer    | Reached skill level 5 in Fighting
  5853 | D:6      | Reached XP level 9. HP: 29/54 MP: 9/9
  6399 | D:6      | Found a staircase to the Ecumenical Temple.
  6422 | Temple   | Entered the Ecumenical Temple
  6491 | Temple   | Became a worshipper of Warmaster Okawaru
  6766 | D:7      | Found Remu's Weapon Shop.
  6782 | D:7      | Reached skill level 5 in Armour
  6819 | D:7      | Reached skill level 7 in Long Blades
  6878 | D:7      | Noticed Joseph
  6912 | D:7      | Killed Joseph
  6987 | D:7      | Reached * piety under Okawaru
  7302 | D:7      | Noticed Pikel
  7420 | D:7      | Killed Pikel
  7420 | D:7      | Reached ** piety under Okawaru
  7420 | D:7      | Reached XP level 10. HP: 40/61 MP: 10/10
  7551 | D:7      | Reached skill level 8 in Long Blades
  8544 | D:8      | Noticed Gastronok
  8937 | D:8      | Reached *** piety under Okawaru
  9217 | D:8      | Learned a level 3 spell: Confuse
  9222 | D:8      | Noticed a centaur warrior
  9240 | D:8      | Killed a centaur warrior
  9240 | D:8      | Reached **** piety under Okawaru
  9240 | D:8      | Reached skill level 9 in Long Blades
  9475 | D:8      | Reached XP level 11. HP: 58/67 MP: 11/11
  9479 | D:8      | Noticed a cyclops
  9490 | D:8      | Killed a cyclops
  9708 | D:8      | Killed Gastronok
 10466 | D:9      | Found an ancient bone altar of Kikubaaqudgha.
 10810 | D:10     | Entered Level 10 of the Dungeon
 10850 | D:10     | Found a staircase to the Lair.
 10850 | D:10     | Noticed a two-headed ogre
 10871 | D:9      | Killed a two-headed ogre
 10871 | D:9      | Reached ***** piety under Okawaru
 10871 | D:9      | Reached skill level 10 in Long Blades
 11835 | D:10     | Reached skill level 1 in Invocations
 12107 | D:10     | Noticed a fire dragon
 12265 | D:10     | Found Nemerix's Antique Armour Emporium.
 12270 | D:10     | Bought a jade-encrusted scale mail for 261 gold pieces
 12280 | D:10     | Identified the +11 scale mail of Solidie {+Blink +Fly rPois
                  | Str-5} (You bought it in a shop on level 10 of the Dungeon)
 12350 | D:11     | Noticed a seven-headed hydra
 12364 | D:11     | Killed a seven-headed hydra
 12469 | D:11     | Received a gift from Okawaru
 12472 | D:11     | Got a distressingly furry shield {god gift}
 12478 | D:11     | Identified the +5 shield of Gira {-Tele Int+3 Dex+3}
                  | (Okawaru gifted it to you on level 11 of the Dungeon)
 13147 | D:12     | Noticed a manticore
 13273 | D:12     | Killed a manticore
 13273 | D:12     | Reached XP level 12. HP: 50/75 MP: 8/13
 13392 | D:12     | Got a dazzling scale mail
 13439 | D:12     | Identified the +10 scale mail of the Volcano {rElec MR+
                  | Str-4 Dex+4} (You found it on level 12 of the Dungeon)
 13463 | D:12     | Found a staircase to the Orcish Mines.
 13714 | D:12     | Noticed Rupert
 13737 | D:12     | Slain by Rupert

Levels and vault maps discovered:
D:1:      dpeg_arrival_short_road, layout_basic, minmay_pentomino_t4
D:2:      layout_loops_corners
D:3:      layout_loops_ring, gammafunk_temple_overflow_wave, marbit_many_paths,
          chequers_temple_overflow_statue_of_worship, first_ration,
          lemuel_tele_altar, uniq_robin, uniq_terence, uniq_sigmund
D:4:      layout_loops_cross, serial_shops, shop_fountains,
          kennysheep_generic_room_7, uniq_ijyb
D:5:      layout_basic, lemuel_crystal_altar
D:6:      layout_rooms, minmay_temple_entry_large_hall,
          cheibrodos_sewer_entry_drain, uniq_menkaure
D:7:      layout_basic, serial_shops, shop, uniq_joseph, uniq_pikel
D:8:      kennysheep_windowed_halls, layout_rooms, minmay_ruffians,
          uniq_gastronok
D:9:      layout_loops_ring, old_standard_altar,
          nicolae_ru_sacrificial_ziggurat, makhleb_blood_cavern_becter,
          serial_bayou, serial_bayou_pond_e, serial_bayou_pond_d,
          serial_bayou_ford_a, serial_bayou_pond_e, hangedman_pestilent_swarm,
          kennysheep_windowed_goal
D:10:     layout_rooms, due_lair_maze_entry_diamond, serial_shops,
          kennysheep_little_box, onia_ninara_dug_in_and_dangerous
D:11:     layout_irregular_city
D:12:     layout_roguey, david_orc_2, uniq_rupert
Temple:   cyrus_circular_temple

Skill      XL: |  1  2  3  4  5  6  7  8  9 10 11 12 |
---------------+-------------------------------------+-----
Long Blades    | 3 4 5 6 7 9 10 | 10.4
Armour         | 1 2 3 4 5 7 8 |  8.6
Dodging        | 3 4 5 7 8 9 |  9.5
Fighting       | 3 4 5 6 7 8 9 |  9.0
Invocations    | 2 |  2.8
Throwing       | |  1.7

Action                   |  1- 3 |  4- 6 |  7- 9 | 10-12 || total
-------------------------+-------+-------+-------+-------++-------
Melee: Long sword        |    95 |   136 |   676 |   927 ||  1834
Throw: Throwing net      |       |     3 |     1 |       ||     4
Evoke: Wand              |       |       |     1 |    30 ||    31
  Use: Potion            |       |     5 |     5 |     3 ||    13
       Scroll            |       |     3 |     4 |     7 ||    14
 Stab: Invisible         |       |     2 |       |       ||     2
       Held in net/web   |       |     2 |     2 |       ||     4
       Paralysed         |       |       |       |     7 ||     7
       Sleeping          |       |       |       |     1 ||     1
  Eat: Chunk             |     3 |     5 |    11 |    18 ||    37
       Ration            |       |       |     1 |     3 ||     4
Armor: Leather armour    |    16 |       |       |       ||    16
       Scale mail        |    49 |    38 |       |    24 ||   111
       Ring mail         |     3 |       |       |       ||     3
       Chain mail        |       |    41 |   516 |   200 ||   757
       Steam dragon scal |       |       |       |   124 ||   124
       Acid dragon scale |       |       |       |   109 ||   109
       Skin              |       |       |       |     1 ||     1
Dodge: Dodged            |    59 |    75 |   405 |   696 ||  1235
       Rpst.: Long sword |    13 |    20 |   113 |   189 ||   335

Table legend:
 A = Non-vault XP
 B = Vault XP
 C = Vault XP percentage of total XP
 D = Non-vault monster count
 E = Vault monster count
 F = Vault count percentage of total count
                 A         B        C        D         E       F
            +---------+---------+-------+---------+---------+-------
      Total |   10319 |    9379 |  47.6 |     220 |     131 |  37.3
            +---------+---------+-------+---------+---------+-------
        D:1 |      22 |       5 |  18.5 |      11 |       3 |  21.4
        D:2 |      34 |       8 |  19.0 |      13 |       4 |  23.5
        D:3 |      80 |     297 |  78.8 |      18 |      10 |  35.7
        D:4 |     238 |      59 |  19.9 |      10 |       3 |  23.1
        D:5 |     802 |     157 |  16.4 |      22 |       1 |   4.3
        D:6 |     751 |       8 |   1.1 |      18 |       3 |  14.3
        D:7 |    1315 |    1093 |  45.4 |      38 |       2 |   5.0
        D:8 |    1447 |    5779 |  80.0 |      35 |      26 |  42.6
        D:9 |    1101 |     296 |  21.2 |       5 |       1 |  16.7
       D:10 |    1325 |    1085 |  45.0 |      28 |      10 |  26.3
       D:11 |    1805 |       0 |   0.0 |      17 |       0 |   0.0
       D:12 |    1399 |     154 |   9.9 |       5 |       7 |  58.3
      Sewer |       0 |     438 | 100.0 |       0 |      61 | 100.0
            +---------+---------+-------+---------+---------+-------
